 Dungeon Crawl Stone Soup version 0.27.1-1-g398f81649c (webtiles) character file.

Game seed: 16648330857162062711

657 Metae the Covered (level 7, -6/62 HPs)
             Began as a Minotaur Fighter on Sept 14, 2021.
             Mangled by a troll (11 damage)
             ... on level 5 of the Dungeon.
             The game lasted 00:09:03 (4151 turns).

Metae the Covered (Minotaur Fighter)                Turns: 4151, Time: 00:09:03

Health: -6/62      AC: 10    Str: 22    XL:     7   Next: 29%
Magic:  6/6        EV:  6    Int:  5    God:
Gold:   224        SH: 10    Dex: 10    Spells: 6/6 levels left

rFire    . . .     SeeInvis .   a - +0 trident
rCold    . . .     Faith    .   c - +0 kite shield
rNeg     + . .     Spirit   .   t - +0 chain mail
rPois    .         Reflect  .   (helmet restricted)
rElec    .         Harm     .   (no cloak)
rCorr    .         Rampage  .   (no gloves)
Will     .....                  (no boots)
Stlth    ..........             (no amulet)
HPRegen  0.20/turn              k - ring of positive energy
MPRegen  0.10/turn              (no ring)

@: mighty
A: horns 2, retaliatory headbutt
a: no special abilities


You were on level 5 of the Dungeon.
You visited 1 branch of the dungeon, and saw 5 of its levels.

You collected 224 gold pieces.

Inventory:

Hand Weapons
 a - a +0 trident (weapon)
 b - a +0 hunting sling
Missiles
 g - 2 throwing nets (quivered)
 q - 17 sling bullets
 r - 44 stones
Armour
 c - a +0 kite shield (worn)
 n - a +0 scale mail
 t - a +0 chain mail (worn)
Jewellery
 k - a ring of positive energy (left hand)
Wands
 s - a wand of flame (18)
Scrolls
 f - a scroll of identify {unknown}
 h - a scroll of vulnerability {unknown}
 i - a scroll of enchant weapon {unknown}
 l - 3 scrolls of amnesia {unknown}
 m - 2 scrolls of teleportation {unknown}
Potions
 e - 2 potions of mutation {unknown}
 j - a potion of heal wounds {unknown}
 o - a potion of lignification {unknown}
 p - a potion of resistance {unknown}


   Skills:
 + Level 5.9 Fighting
 + Level 5.2 Polearms
 + Level 6.0 Armour
 + Level 6.0 Shields


You had 6 spell levels left.
You didn't know any spells.
Your spell library contained the following spells:

 Spells                   Type           Power      Damage    Failure   Level
 Corpse Rot               Necr/Air       N/A        N/A       100%        2
 Poisonous Vapours        Pois/Air       0%         N/A       100%        2
 Hailstorm                Conj/Ice       0%         3d3       100%        4
 Ice Form                 Ice/Tmut       0%         N/A       100%        4
 Freezing Cloud           Conj/Ice/Air   0%         6-21      100%        5
 Simulacrum               Ice/Necr       0%         N/A       100%        6


Dungeon Overview and Level Annotations

Branches:
Dungeon (5/15)
 Temple: D:4-7

Altars:

Annotations:
D:3 1 runed translucent door, Metae's ghost, amateur GnWn


Innate Abilities, Weirdness & Mutations

You have a pair of horns on your head.
You reflexively headbutt those who attack you in melee.


Message History

Found an escape hatch in the ceiling.
A troll comes into view.
Found 13 gold pieces.
An ogre comes into view. It is wielding a +0 giant club.
The ogre shouts!
You block the troll's attack. x3
You puncture the troll!
The troll is moderately wounded.
The troll bites you. The troll claws you. x2
Your shield and chain mail prevent you from hitting the troll.
The troll is moderately wounded.
The troll completely misses you. You block the troll's attack.
The troll closely misses you. The troll barely misses you.
You furiously retaliate!
You headbutt the troll. The troll claws you. The troll claws you!
You closely miss the troll.
The troll is moderately wounded.
The troll bites you. The troll closely misses you. The troll claws you!
You closely miss the troll. You headbutt the troll.
The troll is moderately wounded.
The troll bites you but does no damage. You block the troll's attack. x2
You puncture the troll!
The troll is heavily wounded.
The troll closely misses you. The troll claws you!
* * * LOW HITPOINT WARNING * * *
The troll barely misses you.
You feel very mighty all of a sudden. You block the troll's attack.
The troll claws you!
* * * LOW HITPOINT WARNING * * *
The troll completely misses you.
You barely miss the troll. Your headbutt misses the troll.
The troll is heavily wounded.
The troll bites you but does no damage. The troll claws you.
* * * LOW HITPOINT WARNING * * *
The troll barely misses you.
You puncture the troll! You headbutt the troll!
The troll is almost dead.
You block the troll's attack. x2; The troll claws you but does no damage.
The troll bites you!
You die...

#.# ... ##.## ... #...##. #####
...## ##.# .$....# .#.#
#...#####.... ......# ..#
#.#.......#.# ....T.# #.##
#.....#####.# ....... #..#
##............ ......#
##..#######...##.#####<.
...<..####..).OT@....####........
.............######..# ######..#
#.###..###.#....###..#######....#
#.## #.####......##......#...
#..# #.# #..........#####...
.<.## #.# #.......)..# #... ..##
#.# ##..........### #... ... ..#
..............# #### .. ###
.#..........#.###


You could see a troll and an ogre.

Vanquished Creatures
  A hornet zombie (D:5)
  An ogre (D:3)
  A centaur (D:5)
  A phantom (D:4)
  A scorpion (D:4)
  A centaur zombie (D:4)
  A centaur skeleton (D:5)
  Robin (D:3)
  4 gnolls (D:2)
  6 adders
  2 worms
  5 dart slugs
  3 orcs (D:3)
  11 bats
  5 endoplasms (D:1)
  2 giant cockroaches
  10 hobgoblins
  8 jackals
  2 quokkas (D:3)
  6 ball pythons
  7 frilled lizards
  15 goblins
  4 kobolds
  5 rats
103 creatures vanquished.

Notes
Turn   | Place    | Note
-------+----------+-------------------------------------------
     0 | D:1      | Metae the Minotaur Fighter began the quest for the Orb.
     0 | D:1      | Reached XP level 1. HP: 19/19 MP: 0/0
   126 | D:1      | Reached XP level 2. HP: 27/27 MP: 1/1
   463 | D:1      | Reached XP level 3. HP: 33/33 MP: 2/2
   883 | D:2      | Reached XP level 4. HP: 33/40 MP: 3/3
  1480 | D:3      | Found a runed translucent door.
  1781 | D:3      | Reached XP level 5. HP: 39/47 MP: 4/4
  2041 | D:3      | Noticed an ogre
  2044 | D:3      | Killed an ogre
  2045 | D:3      | Reached skill level 5 in Fighting
  2045 | D:3      | Reached skill level 5 in Armour
  2045 | D:3      | Reached skill level 5 in Shields
  2146 | D:3      | Noticed Robin
  2200 | D:3      | Killed Robin
  2433 | D:3      | Noticed Metae's ghost (amateur GnWn)
  2632 | D:3      | Reached XP level 6. HP: 56/56 MP: 5/5
  3321 | D:4      | Found the +3 robe of Clouds {+Thunder rCloud rElec}
  3760 | D:5      | Entered Level 5 of the Dungeon
  3839 | D:5      | Reached skill level 5 in Polearms
  3839 | D:5      | Reached XP level 7. HP: 15/62 MP: 6/6
  4127 | D:5      | Noticed a troll
  4151 | D:5      | Mangled by a troll

Illustrated notes

Levels and vault maps discovered:
D:1:      enne_arrival_octagon_isle, layout_rooms
D:2:      layout_basic, minmay_pentomino_s2
D:3:      minmay_recursive_quarters, layout_basic, ebering_ghost_sewer_d,
          uniq_robin
D:4:      layout_cave_pools
D:5:      layout_rooms, uniq_blork_the_orc, uniq_duvessa

Skill      XL: |  1  2  3  4  5  6  7 |
---------------+----------------------+-----
Armour         | 4 5 6 |  6.0
Fighting       | 4 5 |  5.9
Shields        | 4 5 6 |  6.0
Polearms       | 3 4 5 |  5.2

Action                   |  1- 3 |  4- 6 |  7- 9 || total
-------------------------+-------+-------+-------++-------
Melee: Trident           |    81 |   207 |    16 ||   304
       Headbutt          |     7 |    34 |     6 ||    47
  Use: Potion            |       |       |     1 ||     1
Armor: Scale mail        |    17 |   105 |       ||   122
       Chain mail        |       |     8 |    14 ||    22
Dodge: Dodged            |    21 |    72 |    11 ||   104
Block: Kite shield       |    25 |   126 |    18 ||   169
